 Dungeon Crawl Stone Soup version 0.29-a0-676-ga64570c9d2 (webtiles) character file.

Game seed: 2883573780371431713

8029 happo123 the Geomancer (level 11, -3/64 HPs)
             Began as a Gargoyle Earth Elementalist on June 24, 2022.
             Was a Priest of Vehumet.
             Slain by a yak (11 damage)
             ... on level 10 of the Dungeon.
             The game lasted 01:01:25 (8233 turns).

happo123 the Geomancer (GrEE)                       Turns: 8233, Time: 01:01:26

Health: -3/64      AC: 16    Str: 11    XL:     11   Next: 24%
Magic:  11/27      EV: 12    Int: 24    God:    Vehumet [***...]
Gold:   534        SH:  5    Dex: 10    Spells: 8/20 levels left

rFire   + . .      SeeInvis .   O - +9 trident of Rirhops {spect, rN+++ rCorr Int+3 Dex-3}
rCold   + . .      Faith    .   (no shield)
rNeg    + + +      Spirit   .   j - +0 leather armour
rPois   ∞          Reflect  +   x - +0 helmet
rElec   +          Harm     .   d - scarf {rC+ rF+}
rCorr   +          Rampage  .   g - +1 pair of gloves {Dex+3}
Will    .....                   i - +0 pair of boots
Stlth   +++.......              M - amulet of reflection
HPRegen 0.20/turn               k - ring of flight
MPRegen 0.20/turn               J - ring of magical power

@: flying
A: sickness immunity, AC +8, negative energy resistance 1, electricity
resistance, torment resistance 1, petrification resistance
a: Renounce Religion


You were on level 10 of the Dungeon.
You worshipped Vehumet.
Vehumet was most pleased with you.
You visited 2 branches of the dungeon, and saw 11 of its levels.

You collected 534 gold pieces.

Inventory:

Hand Weapons
 u - the +6 hand axe of Chagrin {pain, Fragile Int+5}
   (You found it on level 3 of the Dungeon)

   In the hands of one skilled in necromantic magic, it inflicts extra damage on
   living creatures.
   Int:       It affects your intelligence (+5).
   Fragile:   It will be destroyed if unequipped.
 O - the +9 trident of Rirhops (weapon) {spect, rN+++ rCorr Int+3 Dex-3}
   (You found it on level 8 of the Dungeon)

   When its wielder attacks, the weapon's spirit leaps out and strikes again.
   The spirit shares a part of any damage it takes with its wielder.
   Int:       It affects your intelligence (+3).
   Dex:       It affects your dexterity (-3).
   rN:        It renders you almost immune to negative energy.
   rCorr:     It protects you from acid and corrosion.
 Q - the +8 quarterstaff "Esozank" {vorpal, *Noise Fragile rC+++ rN+++}
   (You found it on level 8 of the Dungeon)

   It inflicts extra damage upon your enemies.
   rC:        It renders you almost immune to cold.
   rN:        It renders you almost immune to negative energy.
   *Noise:    It may make noises in combat.
   Fragile:   It will be destroyed if unequipped.
 S - a +2 dire flail of protection
Missiles
 c - 2 atropa-tipped darts
 e - a throwing net
 E - 5 silver javelins
Armour
 d - a scarf of resistance (worn)
 g - a +1 pair of gloves of dexterity (worn)
 i - a +0 pair of boots (worn)
 j - a +0 leather armour (worn)
 x - a +0 helmet (worn)
Jewellery
 k - a ring of flight (left hand)
 n - a ring of ice
 J - a ring of magical power (right hand)
 M - an amulet of reflection (around neck)
Wands
 F - a wand of polymorph (7)
 K - a wand of mindburst (21)
 P - a wand of flame (50)
Scrolls
 a - a scroll of brand weapon {unknown}
 h - 2 scrolls of enchant weapon
 l - a scroll of vulnerability {unknown}
 r - a scroll of summoning {unknown}
 s - 3 scrolls of fog
 t - 2 scrolls of magic mapping
 v - 5 scrolls of blinking
 y - a scroll of poison
 B - 6 scrolls of teleportation
 C - a scroll of enchant armour
 I - a scroll of fear
 L - 2 scrolls of silence
Potions
 b - a potion of magic
 f - 2 potions of cancellation {unknown}
 m - 2 potions of curing {unknown}
 p - a potion of berserk rage {unknown}
 q - 3 potions of flight {unknown}
 w - 3 potions of lignification {unknown}
 z - a potion of haste {unknown}
 A - 5 potions of attraction
 D - 3 potions of degeneration {unknown}
 H - a potion of heal wounds {unknown}
 N - a potion of might {unknown}
 R - a potion of experience {unknown}


   Skills:
 + Level 5.8 Fighting
 - Level 4.0 Maces & Flails
 + Level 2.8 Polearms
 + Level 5.8 Armour
 + Level 4.8 Dodging
 + Level 6.8 Stealth
 + Level 5.2 Spellcasting
 * Level 5.6 Conjurations
 - Level 4.0 Transmutations
 * Level 10.0 Earth Magic
 + Level 1.1 Poison Magic


You had 8 spell levels left.
You knew the following spells:

 Your Spells              Type           Power      Damage    Failure   Level
a - Sandblast             Erth           100%       2d20      1%          1
b - Stone Arrow           Conj/Erth      86%        3d12      1%          3
c - Petrify               Tmut/Erth      39%        N/A       6%          4
d - Shock                 Conj/Air       76%        1d7       1%          1
e - Ignite Poison         Fire/Tmut/Pois 14%        N/A       4%          3

Your spell library contained the following spells:

 Spells                   Type           Power      Damage    Failure   Level
 Passwall                 Tmut/Erth      32%        N/A       1%          2
 Poisonous Vapours        Pois/Air       18%        N/A       3%          2
 Corpse Rot               Necr/Pois/Air  8%         N/A       67%         4


Dungeon Overview and Level Annotations

Branches:
Dungeon (10/15)            Temple (1/1) D:5            Lair (0/6) D:10
    Orc: D:9-12

Altars:
Ashenzari
Cheibriados
Dithmenos
Elyvilon
Fedhas
Hepliaklqana
Kikubaaqudgha
Makhleb
Nemelex Xobeh
Okawaru
Qazlal
Ru
Sif Muna
Trog
Uskayaw
Vehumet
Wu Jian
Xom
Yredelemnul
Zin
The Shining One


Innate Abilities, Weirdness & Mutations

You are immune to sickness and miasma.
Your stone body is resilient. (AC +8)
You are immune to poison.
You resist negative energy. (rN+)
You are resistant to electric shocks. (rElec)
You are resistant to unholy torment.
You are immune to petrification.


Message History

The yak barely misses you. The yak closely misses you.
The yak gores you but does no damage.
You puncture the yak!
The yak is moderately wounded.
Your +9 trident of Rirhops {spect, rN+++ rCorr Int+3 Dex-3} hits the yak from afar.
The yak gores you! The yak gores you but does no damage.
The yak barely misses you.
You puncture the yak!
The yak is severely wounded.
Your +9 trident of Rirhops {spect, rN+++ rCorr Int+3 Dex-3} hits the yak from afar!!
You kill the yak!
Vehumet accepts your kill.
Vehumet is now aiding your destructive spells.
You feel your power returning. The yak misses you. The yak closely misses you.
Your Earth Magic skill increases to level 10!
Aiming: Stone Arrow (safe; 1% risk of failure)
Press: ? - help, Q - select action, (/) - cycle Shift-Dir - straight line, f - yak
Aim: a yak (85% to hit)
The stone arrow hits the yak!
The yak is heavily wounded.
The yak gores you but does no damage. The yak closely misses you.
Casting: Stone Arrow (safe; 1% risk of failure)
Confirm with . or Enter, or press ? or * to list all spells.
Aiming: Sandblast (safe; 1% risk of failure)
Press: ? - help, Shift-Dir - straight line, f/p - yak
Aim: a yak (heavily wounded, 90% to hit)
The blast of sand hits the yak.
The yak is heavily wounded.
The yak gores you! The yak gores you but does no damage. The yak gores you!
* * * LOW HITPOINT WARNING * * *
The yak gores you but does no damage.
Aiming: Stone Arrow (safe; 1% risk of failure)
Press: ? - help, Q - select action, (/) - cycle Shift-Dir - straight line, f/p - yak
Aim: a yak (heavily wounded, 85% to hit)
The stone arrow hits the yak!
The yak is severely wounded.
The yak gores you.
* * * LOW HITPOINT WARNING * * *
The yak gores you!
You die...

#.##....# ..# ..
#.##....##### ..#.$.#
#.##........# ..#...#
#.##........##......#
+.##................#
####......(.........#
#..........♣.♣..
#.........Y.♣.♣..#
+.........†@.....#
#.........Y..$♣...#
#########.........#
.†.........#
..#....#....#
......#..#.#.##
......#..# #.#
#..##.#### #


You could see 2 yaks.

Vanquished Creatures
  Harold (D:9)
  A two-headed ogre (D:8)
  Pikel (D:4)
  An ugly thing (D:8)
  An elephant (D:10)
  Joseph (D:7)
  Psyche (D:9)
  Grinder (D:3)
  Sigmund (D:4)
  A wyvern (D:10)
  4 yaks (D:10)
  Eustachio (D:6)
  3 vampire mosquitoes (D:9)
  Edmund (D:5)
  2 water moccasins
  An ice beast (D:8)
  An orc warrior (D:8)
  A sky beast (D:8)
  4 black bears
  2 ogres
  A centaur (D:6)
  A phantom (D:6)
  A lemure (D:3)
  2 bullfrogs
  A necrophage (D:7)
  A gnoll sergeant (D:9)
  3 scorpions
  10 wights
  10 killer bees (D:9)
  3 howler monkeys (D:9)
  An electric eel (D:6)
  A crimson imp (D:3)
  A jelly (D:6)
  4 hounds
  2 orc priests
  5 orc wizards
  A statue (D:4)
  Robin (D:4)
  6 gnolls
  6 adders
  A white imp (D:7)
  An ufetubus (D:7)
  4 worms (D:4)
  13 orcs
  9 ball pythons
  11 bats
  13 endoplasms
  2 giant cockroaches
  17 goblins
  9 hobgoblins
  15 jackals
  4 kobolds
  4 quokkas
  6 frilled lizards
  A goblin skeleton (D:3)
  4 hobgoblin zombies (D:3)
  A kobold skeleton (D:3)
  2 kobold zombies (D:3)
  An orc skeleton (D:3)
  An orc zombie (D:3)
  4 rats
214 creatures vanquished.

Notes
Turn   | Place    | Note
-------+----------+-------------------------------------------
     0 | D:1      | happo123 the Gargoyle Earth Elementalist began the quest
                  | for the Orb.
     0 | D:1      | Reached XP level 1. HP: 10/10 MP: 3/3
    75 | D:1      | Reached skill level 1 in Transmutations
   118 | D:1      | Reached XP level 2. HP: 10/15 MP: 3/5
   343 | D:1      | Found a faded altar of an unknown god.
   571 | D:1      | Reached XP level 3. HP: 20/20 MP: 4/6
   581 | D:1      | Learned a level 3 spell: Stone Arrow
   613 | D:1      | Reached skill level 4 in Earth Magic
   820 | D:1      | Reached skill level 1 in Armour
   903 | D:1      | Reached skill level 1 in Fighting
  1045 | D:2      | Reached XP level 4. HP: 24/25 MP: 4/7
  1907 | D:3      | Reached XP level 5. HP: 9/29 MP: 3/8
  2032 | D:3      | Noticed Grinder
  2042 | D:3      | Killed Grinder
  2043 | D:3      | Reached skill level 1 in Maces & Flails
  2043 | D:3      | Reached XP level 6. HP: 23/35 MP: 4/9
  2605 | D:3      | Found a glowing golden altar of the Shining One.
  2615 | D:3      | Reached skill level 5 in Earth Magic
  2870 | D:3      | Identified the +6 hand axe of Chagrin {pain, Fragile Int+5}
  2907 | D:3      | Reached XP level 7. HP: 37/40 MP: 6/11
  3285 | D:4      | Noticed Robin
  3293 | D:4      | Killed Robin
  3327 | D:4      | Found a radiant altar of Vehumet.
  3336 | D:4      | Became a worshipper of Vehumet
  3419 | D:4      | Noticed Sigmund
  3424 | D:4      | Killed Sigmund
  3424 | D:4      | Noticed Pikel
  3425 | D:4      | Reached XP level 8. HP: 45/45 MP: 1/12
  3839 | D:4      | Killed Pikel
  3840 | D:4      | Reached skill level 6 in Earth Magic
  3848 | D:4      | Learned a level 4 spell: Petrify
  3936 | D:5      | Entered Level 5 of the Dungeon
  4009 | D:5      | Found a staircase to the Ecumenical Temple.
  4010 | D:5      | Reached * piety under Vehumet
  4010 | D:5      | Offered knowledge of Shock by Vehumet.
  4033 | Temple   | Entered the Ecumenical Temple
  4219 | D:5      | Noticed Edmund
  4228 | D:5      | Killed Edmund
  4234 | D:5      | Reached XP level 9. HP: 49/52 MP: 2/14
  4253 | D:5      | Learned a level 1 spell: Shock
  4355 | D:5      | Found an iron altar of Okawaru.
  4750 | D:6      | Reached skill level 7 in Earth Magic
  4878 | D:6      | Found a shimmering blue altar of Sif Muna.
  4885 | D:6      | Found a hide-covered altar of Uskayaw.
  4978 | D:6      | Noticed Eustachio
  4983 | D:6      | Killed Eustachio
  5085 | D:6      | Reached skill level 5 in Stealth
  5303 | D:7      | Noticed Joseph
  5309 | D:7      | Killed Joseph
  5310 | D:7      | Reached skill level 1 in Conjurations
  5985 | D:7      | Reached skill level 8 in Earth Magic
  6428 | D:8      | Identified the +9 trident of Rirhops {spect, rN+++ rCorr
                  | Int+3 Dex-3}
  6520 | D:8      | Identified the +8 quarterstaff "Esozank" {vorpal, *Noise
                  | Fragile rC+++ rN+++}
  6640 | D:8      | Reached XP level 10. HP: 58/58 MP: 16/16
  6662 | D:8      | Reached ** piety under Vehumet
  6735 | D:8      | Offered knowledge of Magic Dart by Vehumet.
  6949 | D:8      | Noticed a two-headed ogre
  6956 | D:8      | Killed a two-headed ogre
  6957 | D:8      | Reached skill level 5 in Fighting
  6957 | D:8      | Reached skill level 1 in Polearms
  6957 | D:8      | Reached skill level 5 in Armour
  7044 | D:8      | Noticed a green ugly thing
  7050 | D:8      | Killed a green ugly thing
  7051 | D:8      | Reached skill level 9 in Earth Magic
  7117 | D:8      | Found a glowing silver altar of Zin.
  7117 | D:8      | Noticed an angel
  7347 | D:9      | Noticed Harold
  7359 | D:9      | Killed Harold
  7566 | D:9      | Reached skill level 5 in Spellcasting
  7679 | D:9      | Offered knowledge of Ignite Poison by Vehumet.
  7772 | D:9      | Noticed Psyche
  7779 | D:9      | Killed Psyche
  7780 | D:9      | Reached skill level 5 in Conjurations
  7917 | D:9      | Learned a level 3 spell: Ignite Poison
  7918 | D:10     | Entered Level 10 of the Dungeon
  7932 | D:9      | Reached XP level 11. HP: 35/64 MP: 18/18
  8119 | D:10     | Found a staircase to the Lair.
  8220 | D:10     | Reached skill level 1 in Poison Magic
  8230 | D:10     | Reached *** piety under Vehumet
  8231 | D:10     | Reached skill level 10 in Earth Magic
  8233 | D:10     | Slain by a yak

Illustrated notes

Levels and vault maps discovered:
D:1:      dpeg_arrival_morbid_curiosity, layout_basic,
          dreamdust_ecumenical_altar_hidden_monk_grotto, st_stairs_8,
          minmay_cupped
D:2:      layout_loops_corners
D:3:      layout_basic, nicolae_tso_besieged_by_evil,
          chequers_hall_statues_corner_a, uniq_grinder
D:4:      layout_rooms, vehumet_statue, st_stairs_3, nicolae_wormholes,
          uniq_robin, uniq_pikel, uniq_sigmund
D:5:      layout_loops_ring, lemuel_doored_altar, minmay_temple_entry_glass,
          uniq_edmund
D:6:      layout_basic, nicolae_overflow_squiral, uniq_eustachio
D:7:      layout_basic, uniq_joseph
D:8:      layout_gridville, zin_angel
D:9:      layout_big_octagon, uniq_psyche, uniq_harold
D:10:     layout_stronghold, mainiacjoe_overflow_small_starburst,
          david_lair_generic, chequers_garden, st_stairs_3
Temple:   regret_index_temple_waves

Skill      XL: |  1  2  3  4  5  6  7  8  9 10 11 |
---------------+----------------------------------+-----
Transmutations | 1 2 3 4 |  4.0
Earth Magic    | 4 5 6 8 9 10 | 10.0
Armour         | 1 2 3 4 5 |  5.8
Fighting       | 1 2 3 4 5 |  5.8
Dodging        | 2 3 4 |  4.8
Maces & Flails | 1 2 3 4 |  4.0
Stealth        | 3 4 5 6 |  6.8
Spellcasting   | 3 4 5 |  5.2
Conjurations   | 2 5 |  5.6
Polearms       | 2 |  2.8
Poison Magic   | 1 |  1.1

Action                   |  1- 3 |  4- 6 |  7- 9 | 10-12 || total
-------------------------+-------+-------+-------+-------++-------
Melee: Short sword       |     2 |       |       |       ||     2
       Whip              |    41 |    11 |    39 |       ||    91
       Flail             |       |    73 |    57 |       ||   130
       Punch             |       |       |     1 |       ||     1
       Trident           |       |       |    11 |    47 ||    58
 Cast: Sandblast         |    37 |    50 |    76 |    14 ||   177
       Stone Arrow       |       |     1 |    40 |    47 ||    88
       Shock             |       |       |     2 |     7 ||     9
  Use: Scroll            |       |       |     6 |     3 ||     9
       Potion            |       |       |     1 |       ||     1
 Stab: Sleeping          |     2 |     1 |     3 |       ||     6
       Distracted        |       |       |       |     1 ||     1
Armor: Robe              |    27 |    24 |       |       ||    51
       Leather armour    |       |    34 |    85 |    43 ||   162
Dodge: Dodged            |    38 |    86 |   101 |    55 ||   280
Block: Other             |       |       |     2 |    13 ||    15
       Reflection        |       |       |       |     1 ||     1

Table legend: (Time is in decaauts)
 A = Elapsed time spent in this place.
 B = Non-inter-level travel time spent in this place.
 C = Inter-level travel time spent in this place.
 D = Time resting spent in this place.
 E = Time spent auto-exploring this place.
 F = Levels seen in this place.
 G = Mean time per level.
                   A        B        C        D        E       F      G
               +--------+--------+--------+--------+--------+-----+--------+
         Total |   8468 |   5217 |   3251 |    358 |   2986 |  11 |  769.8 |
       Dungeon |   8319 |   5143 |   3176 |    358 |   2930 |  10 |  831.9 |
        Temple |    148 |     73 |     75 |      0 |     56 |   1 |  148.0 |
               +--------+--------+--------+--------+--------+-----+--------+

Top non-repeatable levels by time:
     D:3: 1496 daAuts
     D:8: 1039 daAuts
     D:1: 1028 daAuts
     D:7: 972 daAuts
     D:2: 895 daAuts
     D:9: 834 daAuts
     D:4: 709 daAuts
     D:5: 635 daAuts
     D:6: 562 daAuts
  Temple: 148 daAuts
    D:10: 145 daAuts
